AoeStats
← julian

Black Forest

510423283Analyzed
4v4 RM · 2d ago on Sep 30, 2026· 25m 16s· 8 players
Game mode
Random Map
Map size
Large (8 player)
Population
200
Speed
Normal
Resources
Standard
Victory
Conquest
Starting age
Dark Age
Ending age
Imperial Age
RankedLock teamsTeams togetherTeam positionsShared explorationLock speedFull tech treeHidden civsTurbo modeCheats
Victory
Defeat
🇦🇹 Japanese · Austria
1336
+11
🇭🇰 Persians · Hong Kong SAR China
1312
+12
🇦🇷 Italians · Argentina
1206
+16
🇦🇷 Slavs · Argentina
1143
+18
🇵🇪 Persians · Peru
1294
-18
🇨🇴 Italians · Colombia
1240
-15
🇲🇽 Britons · Mexico
1157
-12
🇬🇧 Gurjaras · United Kingdom
1143
-12
Eduardo
0:27 Loom
13:51 Feudal Age
15:59 Fletching
jhoncondep
11:56 Feudal Age
16:26 Castle Age
14:38 Double-Bit Axe
14:44 Fishing Lines
17:54 Gillnets
25:40 Wheelbarrow
24:50 Loom
24:55 Town Watch
Goz
11:53 Feudal Age
17:16 Castle Age
15:05 Double-Bit Axe
22:58 Loom
Shyman
1:04 Loom
12:45 Feudal Age
14:29 Double-Bit Axe
23:15 Castle Age
Cositosmile
8:22 Loom
12:07 Feudal Age
15:42 Castle Age
13:52 Double-Bit Axe
14:06 Horse Collar
16:32 Heavy Plow
23:19 Wheelbarrow
22:30 Town Watch
23:08 Town Watch
25:37 Bow Saw
25:25 Gold Mining
26:10 Hand Cart
julian
2:14 Loom
10:54 Feudal Age
11:00 Feudal Age
15:00 Castle Age
13:26 Fletching
13:25 Double-Bit Axe
13:22 Horse Collar
14:00 Fletching
15:36 Bodkin Arrow
15:43 Crossbowman
17:15 Horse Collar
18:06 Town Watch
22:28 Wheelbarrow
IRON MIKE
2:23 Loom
12:28 Feudal Age
12:32 Man-at-Arms
13:05 Double-Bit Axe
13:50 Arson
22:12 Fishing Lines
武帝曹操
12:47 Feudal Age
13:41 Double-Bit Axe
19:55 Castle Age
17:41 Loom
17:54 Horse Collar
19:11 Scale Barding Armor
20:22 Bloodlines
20:27 Forging
20:34 Light Cavalry
22:11 Husbandry
24:28 Heavy Plow
25:36 Chain Barding Armor
25:29 Fishing Lines
Connection lost

Rejoining the realm…

Still unreachable

The connection could not be restored.

Session expired

The server has moved on; the page needs a fresh start.